 Dungeon Crawl Stone Soup version 0.26.1-10-gdfb7c7de75 (webtiles) character file.

Game seed: 8120660208263987668

161 Almogavar the Poker (level 5, -1/41 HPs)
             Began as a Merfolk Gladiator on Apr 5, 2021.
             Slain by Purgy (2 damage)
             ... on level 3 of the Dungeon.
             The game lasted 00:07:53 (3253 turns).

Almogavar the Poker (Merfolk Gladiator)             Turns: 3253, Time: 00:07:53

Health: -1/41      AC:  5    Str: 14    XL:     5   Next: 42%
Magic:  5/5        EV: 14    Int:  7    God:
Gold:   95         SH:  4    Dex: 17    Spells: 4/4 levels left

rFire    . . .     SeeInvis .   a - +1 trident
rCold    . . .     Faith    .   o - +0 buckler
rNeg     . . .     Spirit   .   b - +0 leather armour
rPois    .         Reflect  .   c - +0 helmet
rElec    .         Harm     .   (no cloak)
rCorr    +         Rampage  .   (no gloves)
Will     .....                  i - +0 pair of boots
Stlth    ++........             s - amulet of inaccuracy (curse)
HPRegen  0.13/turn              r - ring of resist corrosion
MPRegen  0.09/turn              (no ring)

@: attractive
A: change form in water, swift swim, stealthy swim
a: no special abilities


You were on level 3 of the Dungeon.
You visited 1 branch of the dungeon, and saw 3 of its levels.

You collected 95 gold pieces.

Inventory:

Hand Weapons
 a - a +1 trident (weapon)
Missiles
 d - 2 throwing nets
 n - 11 poisoned darts (quivered)
Armour
 b - a +0 leather armour (worn)
 c - a +0 helmet (worn)
 f - a +0 ring mail
 g - a +0 scale mail
 i - a +0 pair of boots (worn)
 o - a +0 buckler (worn)
Jewellery
 r - a ring of resist corrosion (left hand)
 s - a cursed amulet of inaccuracy (around neck)
Scrolls
 e - a scroll of enchant armour
 h - 2 scrolls of amnesia
 q - a scroll of fog {unknown}
Potions
 j - a potion of attraction
 k - a potion of flight {unknown}
 l - 2 potions of brilliance {unknown}
 m - a potion of lignification {unknown}
 p - a potion of curing {unknown}


   Skills:
 + Level 3.0 Fighting
 + Level 6.6 Polearms
 + Level 2.2 Throwing
 + Level 1.3 Armour
 + Level 4.7 Dodging
 + Level 0.9 Stealth


You had 4 spell levels left.
You didn't know any spells.
Your spell library was empty.

Dungeon Overview and Level Annotations

Branches:
Dungeon (3/15)

Altars:
Ashenzari
Fedhas
Gozag
Hepliaklqana
Sif Muna
Trog
Uskayaw
Xom
Yredelemnul

Annotations:
D:3 Purgy


Message History

Aim: Purgy (heavily wounded, poisoned, 37% to hit)
You throw a poisoned dart. The poisoned dart closely misses Purgy.
Purgy misses you. Purgy claws you but does no damage. Purgy claws you.
* * * LOW HITPOINT WARNING * * *
You puncture Purgy!
Purgy is severely wounded.
Purgy bites you.
* * * LOW HITPOINT WARNING * * *
Purgy closely misses you. Purgy misses you.
Throw: 12 darts (poison)
Press: ? - help, Q - select action, (/) - cycle Shift-Dir - straight line, f/p - Purgy
Aim: Purgy (severely wounded, poisoned, 37% to hit)
You throw a poisoned dart. The poisoned dart closely misses Purgy.
Purgy bites you.
* * * LOW HITPOINT WARNING * * *
Purgy barely misses you. You block Purgy's attack.
It was a potion of attraction.
You feel attractive to monsters.
Purgy looks more healthy.
Purgy bites you.
You die...

#............#
#.#
############.#
#.# #.# #.#
#.# #.# #.#
#.# #.# #.#
#.# #.#
#.######.#
#....@T..#
#.######## ###


You could see Purgy.

Vanquished Creatures
  2 orc priests (D:3)
  An iguana (D:2)
  3 adders
  A worm (D:2)
  A dart slug (D:1)
  A leopard gecko (D:1)
  An orc (D:3)
  8 bats
  3 giant cockroaches
  3 goblins
  3 hobgoblins (D:2)
  3 jackals (D:1)
  6 kobolds
  A ball python (D:1)
  4 frilled lizards
  5 rats
46 creatures vanquished.

Notes
Turn   | Place    | Note
-------+----------+-------------------------------------------
     0 | D:1      | Almogavar the Merfolk Gladiator began the quest for the
                  | Orb.
     0 | D:1      | Reached XP level 1. HP: 16/16 MP: 1/1
   225 | D:1      | Reached XP level 2. HP: 23/23 MP: 2/2
   270 | D:1      | Reached skill level 5 in Polearms
   908 | D:2      | Reached XP level 3. HP: 24/28 MP: 3/3
  1213 | D:2      | Found an opulent altar of Gozag.
  1269 | D:2      | Found a hazy altar of Hepliaklqana.
  1296 | D:2      | Found a burning altar of Makhleb.
  1298 | D:2      | Found a hide-covered altar of Uskayaw.
  1298 | D:2      | Found a shimmering altar of Xom.
  1300 | D:2      | Found a basalt altar of Yredelemnul.
  1300 | D:2      | Found a bloodstained altar of Trog.
  1300 | D:2      | Found a shimmering blue altar of Sif Muna.
  1553 | D:2      | Reached XP level 4. HP: 34/34 MP: 4/4
  1598 | D:2      | Found a broken altar of Ashenzari.
  1637 | D:2      | Reached skill level 6 in Polearms
  1709 | D:2      | Found a blossoming altar of Fedhas.
  2353 | D:3      | Reached skill level 1 in Armour
  2364 | D:3      | Reached XP level 5. HP: 25/41 MP: 5/5
  3191 | D:3      | Noticed Purgy
  3252 | D:3      | HP: 1/41 [Purgy (5)]
  3253 | D:3      | Slain by Purgy

Illustrated notes

Levels and vault maps discovered:
D:1:      dpeg_arrival_boxes_within_box, layout_loops_ring,
          minmay_misc_feat_nine_boxes
D:2:      layout_loops_ring, grunt_gozag_breadcrumbs,
          ashenzari_conservatory_becter, nzn_hepliaklqana_mist_gate,
          fedhas_altar_4, doesnt_xom_only_xom
D:3:      layout_basic, uniq_purgy

Skill      XL: |  1  2  3  4 |
---------------+-------------+-----
Polearms       | 5 6 |  6.6
Armour         | 1 |  1.3
Fighting       | 3 |  3.0
Throwing       | |  2.2
Dodging        | |  4.7
Stealth        | |  0.9

Action                   |  1- 3 |  4- 6 || total
-------------------------+-------+-------++-------
Melee: Trident           |    82 |   108 ||   190
Throw: Throwing net      |     3 |     2 ||     5
       Dart              |       |    20 ||    20
  Use: Scroll            |       |     5 ||     5
       Potion            |       |     1 ||     1
 Stab: Sleeping          |     1 |     2 ||     3
Armor: Leather armour    |    13 |    39 ||    52
Dodge: Dodged            |    38 |    95 ||   133
Block: Buckler           |       |    22 ||    22
